[Event "*** SCC Grand Prix: Titled Tuesday Blitz"]
[Site "Chess.com"]
[Date "2020.07.07"]
[Round "7"]
[White "margarita_2703"]
[Black "viktorskliarov"]
[Result "0-1"]
[WhiteElo "2388"]
[BlackElo "2519"]
[TimeControl "180+1"]
[EndTime "11:18:15 PDT"]
[Termination "viktorskliarov won by resignation"]

1. Nf3 Nf6 2. d4 g6 3. c4 Bg7 4. Nc3 O-O 5. e4 d6 6. Be2 Bg4 7. Nd2 Bxe2 8. Qxe2 Nc6 9. d5 Nd4 10. Qd1 c5 11. Nf3 e5 12. dxe6 fxe6 13. O-O e5 14.
Bg5 Qd7 15. Nd2 h6 16. Bh4 g5 17. Bg3 Kh7 18. Nd5 Nxd5 19. exd5 b5 20. b3 bxc4 21.
bxc4 Rab8 22. Rb1 Qf5 23. f3 h5 24. Ne4 h4 25. Bf2 g4 26. Rxb8 Rxb8 27. Bxd4 exd4 28. Nxd6 Qg6 29. Ne4 h3 30. fxg4 Qxe4 31. gxh3 d3 32. g5 Bd4+ 0-1

[Event "*** SCC Grand Prix: Titled Tuesday Blitz"]
[Site "Chess.com"]
[Date "2020.07.07"]
[Round "7"]
[White "gumimis"]
[Black "killer311"]
[Result "0-1"]
[WhiteElo "2178"]
[BlackElo "2385"]
[TimeControl "180+1"]
[EndTime "11:18:15 PDT"]
[Termination "killer311 won on time"]

1. e4 c6 2. d4 d5 3. Nc3 dxe4 4. Nxe4 Bf5 5. Ng3 Bg6 6. h4 h6 7. Nf3 Nf6 8. Ne5 Bh7 9. Bd3 Bxd3 10. Qxd3 e6 11.
Bd2 Nbd7 12. Qe2 Be7 13. O-O-O O-O 14. Nf1 Qb6 15. Be3 Qa5 16. Nxd7 Nxd7 17. Kb1 c5 18. g4 cxd4 19. Bxd4 Bf6 20. Ne3 Rfd8 21. g5 Bxd4 22. Rxd4 hxg5 23. hxg5 Qxg5 24. Rdh4 Kf8 25. Rh8+ Ke7 26.
R8h5 Qg6 27. Nf5+ Kf6 28. Nd6 Nf8 29. Qe5+ Ke7 30. Nf5+ Ke8 31. Qb5+ Rd7 32. Rd1 Qg4 0-1

[Event "*** SCC Grand Prix: Titled Tuesday Blitz"]
[Site "Chess.com"]
[Date "2020.07.07"]
[Round "7"]
[White "Kopytkin"]
[Black "hectorfiori"]
[Result "1-0"]
[WhiteElo "2464"]
[BlackElo "2329"]
[TimeControl "180+1"]
[EndTime "11:18:17 PDT"]
[Termination "Kopytkin won by resignation"]

1. e4 c5 2. d4 e6 3. c3 Nf6 4.
e5 Nd5 5. Nf3 cxd4 6. cxd4 d6 7.
Bd3 Nc6 8. O-O dxe5 9. dxe5 Be7 10. a3 Qc7 11. Qe2 a6 12. Nbd2 b5 13. Nb3 Bb7 14.
Bd2 Rc8 15. Rac1 Qb8 16. Rfe1 h6 17. Nc5 O-O 18. Nxb7 Qxb7 19. Qe4 g6 20. Bxh6 Rfd8 21. Bg5 Bxg5 22. Nxg5 Kg7 23. Nxe6+ fxe6 24. Qxg6+ Kh8 25. Qh6+ Kg8 26. Qxe6+ Qf7 27. Rxc6 Qxe6 28. Rxe6 Nf4 29. Bf5 Rc5 30. Rd6 Rxd6 31. exd6 Rxf5 32. d7 Rf8 33.
Re8 1-0

[Event "*** SCC Grand Prix: Titled Tuesday Blitz"]
[Site "Chess.com"]
[Date "2020.07.07"]
[Round "7"]
[White "dolynachess"]
[Black "Fortitudine"]
[Result "1-0"]
[WhiteElo "2449"]
[BlackElo "2259"]
[TimeControl "180+1"]
[EndTime "11:18:17 PDT"]
[Termination "dolynachess won by resignation"]

1. d4 Nf6 2. c4 c5 3. Nf3 cxd4 4. Nxd4 e5 5. Nc2 d5 6. cxd5 Qxd5 7. Qxd5 Nxd5 8. e4 Nb4 9. Nxb4 Bxb4+ 10. Bd2 Bxd2+ 11. Nxd2 O-O 12. Bc4 Nc6 13. Rc1 Nd4 14. Nb3 Nxb3 15. Bxb3 Bd7 16. Rc7 Bc6 17. f3 g6 18. Ke2 Rad8 19. Rd1 Rxd1 20. Bxd1 f5 21. Bb3+ Kh8 22. Bd5 fxe4 23. Bxc6 bxc6 24. fxe4 Rb8 25.
b3 Rb4 26. Kd3 a5 27. Rxc6 a4 28. Rc4 Rxc4 29. Kxc4 axb3 30. axb3 1-0

[Event "*** SCC Grand Prix: Titled Tuesday Blitz"]
[Site "Chess.com"]
[Date "2020.07.07"]
[Round "7"]
[White "Nara_Kh"]
[Black "Na_binci"]
[Result "1-0"]
[WhiteElo "2283"]
[BlackElo "2057"]
[TimeControl "180+1"]
[EndTime "11:18:17 PDT"]
[Termination "Nara_Kh won by resignation"]

1. c4 Nf6 2. Nc3 g6 3. g3 Bg7 4. Bg2 O-O 5. e4 d6 6. d3 c5 7. Nge2 Nc6 8. O-O Nd4 9. Be3 Ne8 10. Rb1 Rb8 11. a3 Nc7 12. b4 Nce6 13. f4 Nxe2+ 14. Nxe2 Nd4 15. h3 Bd7 16. g4 b5 17. bxc5 dxc5 18. e5 bxc4 19. Rxb8 Qxb8 20. Bxd4 cxd4 21. dxc4 Rd8 22. Kh1 d3 23. Nc3 Qb3 24. Qxb3 1-0

[Event "*** SCC Grand Prix: Titled Tuesday Blitz"]
[Site "Chess.com"]
[Date "2020.07.07"]
[Round "7"]
[White "chegueps"]
[Black "Shubinkirill2003"]
[Result "0-1"]
[WhiteElo "2419"]
[BlackElo "2627"]
[TimeControl "180+1"]
[EndTime "11:18:18 PDT"]
[Termination "Shubinkirill2003 won by resignation"]

1. d4 e6 2. Nf3 Nf6 3. e3 b6 4. Bd3 Bb7 5. O-O d5 6. b3 Bd6 7.
Bb2 Nbd7 8. Nbd2 Ne4 9. Ne5 O-O 10. f4 f6 11. Nxd7 Qxd7 12. Nxe4 dxe4 13. Bc4 Kh8 14. a4 Be7 15. Qe2 a6 16. h3 f5 17.
Rfd1 Bf6 18. g4 g5 19. fxg5 Bg7 20. h4 f4 21. exf4 Rxf4 22. c3 e5 23. d5 Raf8 24.
Kh1 Rxg4 25. Qh2 Rff4 26. Rg1 Rxh4 0-1

[Event "*** SCC Grand Prix: Titled Tuesday Blitz"]
[Site "Chess.com"]
[Date "2020.07.07"]
[Round "7"]
[White "pedromartinez91"]
[Black "bascheyaro"]
[Result "0-1"]
[WhiteElo "2549"]
[BlackElo "2703"]
[TimeControl "180+1"]
[EndTime "11:18:19 PDT"]
[Termination "bascheyaro won on time"]

1. e4 e6 2. d4 d5 3. Nc3 Bb4 4. Qd3 c5 5. exd5 exd5 6. dxc5 Nc6 7. Bd2 Nf6 8. O-O-O O-O 9. Bg5 Be6 10. Nh3 h6 11. Bd2 Bxc5 12. Nf4 Nb4 13. Qg3 Bf5 14. Nd3 Nxd3+ 15.
Bxd3 Bxd3 16. cxd3 d4 17. Ne2 Qb6 18. Kb1 Ba3 19. b3 a5 20. Qh4 Rfd8 21. Bc1 Be7 22.
Qg3 a4 23. Bxh6 Bf8 24. Nc1 axb3 0-1

[Event "*** SCC Grand Prix: Titled Tuesday Blitz"]
[Site "Chess.com"]
[Date "2020.07.07"]
[Round "7"]
[White "StephenDedalus83"]
[Black "Sven_Tica"]
[Result "1-0"]
[WhiteElo "2813"]
[BlackElo "2656"]
[TimeControl "180+1"]
[EndTime "11:18:21 PDT"]
[Termination "StephenDedalus83 won by resignation"]

1. e4 c6 2. d4 d5 3. e5 Bf5 4. c3 e6 5. Be3 Nd7 6. Nd2 h6 7. f4 Ne7 8. Be2 Qc7 9. Ngf3 Bh7 10. O-O c5 11. dxc5 Nf5 12. Bf2 Bxc5 13. Nd4 O-O 14.
N2b3 Bb6 15. Nxf5 Bxf5 16. Bxb6 Qxb6+ 17. Qd4 Qc7 18. Qe3 Be4 19. Nd4 a6 20. Rae1 Nc5 21. Qg3 Qe7 22. Bg4 f5 23. exf6 Rxf6 24. Qe3 Raf8 25.
g3 e5 26. fxe5 Rxf1+ 27. Rxf1 Rxf1+ 28. Kxf1 Qxe5 29. Nf3 Qd6 30. Nd2 Qf6+ 31. Kg1 Qf8 32. b4 Na4 33. Nxe4 dxe4 34. Qxe4 b5 35. Qd4 Qe7 36.
Kf2 Qf6+ 37. Qxf6 gxf6 38. c4 bxc4 39. Be6+ Kf8 40. Bxc4 Nc3 41. a3 Nb5 42. a4 1-0

[Event "*** SCC Grand Prix: Titled Tuesday Blitz"]
[Site "Chess.com"]
[Date "2020.07.07"]
[Round "7"]
[White "SHIVACalypso"]
[Black "Shivagami"]
[Result "1-0"]
[WhiteElo "2352"]
[BlackElo "2196"]
[TimeControl "180+1"]
[EndTime "11:18:21 PDT"]
[Termination "SHIVACalypso won by resignation"]

1. Nf3 d5 2. c4 d4 3. e3 Nc6 4. exd4 Nxd4 5. Nxd4 Qxd4 6. Nc3 e5 7. d3 Nf6 8. Be3 Qd8 9. d4 exd4 10. Qxd4 Qxd4 11. Bxd4 Bb4 12. a3 Bxc3+ 13. Bxc3 O-O 14. f3 Re8+ 15. Kf2 Bf5 16. g4 Bg6 17. h4 h5 18.
g5 Nd7 19. Bh3 Nc5 20. Rad1 Nd3+ 21. Kg3 Re2 22. Bf1 Rae8 23. Bxe2 Rxe2 24. Rh2 Re3 25.
Bd4 Re6 26. Rhd2 c5 27. Bc3 Ne5 28. Bxe5 Rxe5 29. Rd5 Re2 30. R1d2 Rxd2 31. Rxd2 Bf5 32. Rd8+ Kh7 33. Rb8 b6 34. Rb7 Be6 35. b3 1-0

[Event "*** SCC Grand Prix: Titled Tuesday Blitz"]
[Site "Chess.com"]
[Date "2020.07.07"]
[Round "7"]
[White "Timerkhanov"]
[Black "Nikithebest"]
[Result "1-0"]
[WhiteElo "2626"]
[BlackElo "2471"]
[TimeControl "180+1"]
[EndTime "11:18:22 PDT"]
[Termination "Timerkhanov won by resignation"]

1. d4 Nf6 2. Bg5 e6 3. Nd2 d5 4.
e3 c5 5. c3 Nbd7 6. f4 Qb6 7.
Rb1 Bd6 8. Bxf6 Nxf6 9. Ngf3 Qc7 10. Bd3 b6 11. O-O a5 12. Ne5 c4 13. Bc2 b5 14.
Qf3 g6 15. Rbe1 Bb7 16. g4 Nd7 17. e4 Nf6 18. Nxf7 Qxf7 19. e5 O-O-O 20. exd6 Rxd6 21. Qg3 Rdd8 22. Nf3 Rde8 23. Ne5 Qc7 24. h3 h5 25.
g5 Rhg8 26. gxf6 1-0

[Event "*** SCC Grand Prix: Titled Tuesday Blitz"]
[Site "Chess.com"]
[Date "2020.07.07"]
[Round "7"]
[White "barbara25"]
[Black "boasovietica"]
[Result "1-0"]
[WhiteElo "2335"]
[BlackElo "2445"]
[TimeControl "180+1"]
[EndTime "11:18:22 PDT"]
[Termination "barbara25 won by resignation"]

1. e4 e5 2. Nf3 Nc6 3. Bc4 Bc5 4. b4 Bxb4 5. c3 Be7 6. d4 d6 7. O-O Nf6 8. Re1 O-O 9. Nbd2 Bg4 10. d5 Nb8 11.
Rb1 b6 12. Nf1 Nbd7 13. h3 Bh5 14. Ng3 Bg6 15. Bd3 Nc5 16. Bc2 Qd7 17. Qe2 c6 18. c4 cxd5 19. exd5 Bxc2 20. Qxc2 Rfe8 21. Ng5 h6 22.
N5e4 Nfxe4 23. Nxe4 Nxe4 24. Qxe4 f5 25. Qe2 Bf6 26. a4 Rac8 27. a5 bxa5 28. Bd2 a4 29.
Rb5 e4 30. Ra5 Bd4 31. Be3 Bxe3 32. fxe3 Rc7 33. Ra1 Rb7 34. R5xa4 Qe7 35. Qd2 Reb8 36. Qd4 Rb1+ 37. Kh2 Rxa1 38. Rxa1 Rb7 39. Rf1 g6 40. Rc1 Rc7 41. Ra1 Qe5+ 42. Qxe5 dxe5 43. d6 Rc6 44. c5 Rxc5 45. Rxa7 Kf8 46. Ra8+ 1-0

[Event "*** SCC Grand Prix: Titled Tuesday Blitz"]
[Site "Chess.com"]
[Date "2020.07.07"]
[Round "7"]
[White "Gahan-MG"]
[Black "Lagmantr"]
[Result "0-1"]
[WhiteElo "2493"]
[BlackElo "2655"]
[TimeControl "180+1"]
[EndTime "11:18:23 PDT"]
[Termination "Lagmantr won by resignation"]

1. e4 c6 2. d4 d5 3. e5 c5 4.
dxc5 e6 5. a3 Bxc5 6. b4 Be7 7.
Bb2 a5 8. b5 Nd7 9. Nd2 f6 10.
Ngf3 Nh6 11. Bd3 Nf7 12. exf6 Bxf6 13. Bxf6 Qxf6 14. O-O O-O 15. c4 Nc5 16. Bc2 b6 17.
cxd5 exd5 18. Nb3 Bb7 19. Qd4 Qxd4 20. Nfxd4 Nd6 21. Rfe1 Rac8 22. Re7 Rf7 23. Rxf7 Kxf7 24. Re1 Nce4 25. f3 Nf6 26. Kf2 Nxb5 27. Bf5 Nxd4 28.
Bxc8 Nxb3 29. Bxb7 Nc5 30. Bc6 Nd3+ 31. Ke2 Nxe1 32. Kxe1 Ke6 33. Kd2 Kd6 34. Bb5 Kc5 35. a4 Kd4 36. g4 g5 37. Bd3 h6 38. Bb5 Ng8 39. Ke2 Ne7 40. Kf2 Nc8 41. Kg3 Ke3 42. h4 d4 43. hxg5 hxg5 0-1

[Event "*** SCC Grand Prix: Titled Tuesday Blitz"]
[Site "Chess.com"]
[Date "2020.07.07"]
[Round "7"]
[White "m-garcett"]
[Black "Nemsko"]
[Result "0-1"]
[WhiteElo "2075"]
[BlackElo "2295"]
[TimeControl "180+1"]
[EndTime "11:18:24 PDT"]
[Termination "Nemsko won by resignation"]

1. e4 e5 2. Nf3 Nc6 3. Bb5 a6 4. Ba4 Nf6 5. O-O Be7 6. Re1 b5 7. Bb3 O-O 8. c3 d6 9. h3 Na5 10. Bc2 c5 11. d4 Nd7 12. d5 Nc4 13. b3 Ncb6 14. Nbd2 Bb7 15. Nf1 f5 16. exf5 Nxd5 17. Ng3 N7b6 18. Be4 Nxc3 19. Qc2 Nxe4 20. Nxe4 c4 21.
Neg5 Bxg5 22. Nxg5 Qf6 23. Ne6 Qxf5 24. Qxf5 Rxf5 25.
Be3 Nd5 26. bxc4 bxc4 27. Rac1 Re8 28. g4 Rf7 29. Ng5 Rc7 30. Ne4 Nxe3 31. Rxe3 Bxe4 32. Rxe4 d5 33. Re2 e4 34. Rd2 Rc5 35. Rd4 c3 36.
Rc2 Rb8 37. Ra4 Rb2 0-1

[Event "*** SCC Grand Prix: Titled Tuesday Blitz"]
[Site "Chess.com"]
[Date "2020.07.07"]
[Round "7"]
[White "nikitakhoroshev"]
[Black "lucachess49"]
[Result "1-0"]
[WhiteElo "2515"]
[BlackElo "2378"]
[TimeControl "180+1"]
[EndTime "11:18:25 PDT"]
[Termination "nikitakhoroshev won on time"]

1. d4 Nf6 2. c4 e6 3. Nc3 Bb4 4. e3 O-O 5. Ne2 Re8 6. a3 Bf8 7. e4 d6 8. f3 c5 9. dxc5 dxc5 10. Be3 Nc6 11. Qxd8 Rxd8 12. Rd1 Rxd1+ 13. Kxd1 b6 14. Nf4 Ba6 15. Nb5 Rd8+ 16. Kc1 g6 17. Be2 Bxb5 18.
cxb5 Nd4 19. Bc4 Bh6 20. Re1 Kg7 21. a4 e5 22. Nd5 Nxd5 23. Bxd5 Bxe3+ 24. Rxe3 f6 25. Kd1 h5 26. Rc3 g5 27. b4 cxb4 28.
Rc7+ Kg6 29. Rxa7 Rc8 30. a5 b3 31. axb6 b2 32. Ba2 Nxb5 33. Rd7 Nc3+ 34. Kc2 Nxa2+ 35. Kxb2 Nb4 36. Kb3 Na6 37. b7 1-0

[Event "*** SCC Grand Prix: Titled Tuesday Blitz"]
[Site "Chess.com"]
[Date "2020.07.07"]
[Round "7"]
[White "mbachez"]
[Black "VladimirBugayev"]
[Result "1-0"]
[WhiteElo "2424"]
[BlackElo "2245"]
[TimeControl "180+1"]
[EndTime "11:18:25 PDT"]
[Termination "mbachez won on time"]

1. d4 d5 2. c4 c6 3. Nc3 Nf6 4.
cxd5 cxd5 5. Bf4 a6 6. e3 Nc6 7. Bd3 Bg4 8. f3 Bd7 9. Nge2 Nh5 10. Bg5 h6 11. Bh4 g5 12. Bf2 Nf6 13. O-O Bg7 14.
Rc1 e5 15. Na4 O-O 16. Nc5 Qb6 17. Rc3 exd4 18. exd4 Bc8 19. Re1 Nd8 20. Bb1 Ne6 21.
Ng3 Nf4 22. Rb3 Qd6 23. Nxb7 Bxb7 24. Rxb7 Rab8 25. Nf5 Qd8 26. Ne7+ Kh8 27. Nc6 Qd6 28. Rxb8 Rxb8 29. Nxb8 Qxb8 30. Qc2 Bf8 31. h4 Kg7 32. hxg5 hxg5 33. Be3 Ne6 34. Kf2 Bb4 35. Rh1 Qd6 36.
Qf5 Ba5 37. Bxg5 Bd8 38. Bxf6+ Bxf6 39. Rh7+ Kf8 40. Qxf6 1-0

[Event "*** SCC Grand Prix: Titled Tuesday Blitz"]
[Site "Chess.com"]
[Date "2020.07.07"]
[Round "7"]
[White "Raja3401"]
[Black "PaulfromSPb"]
[Result "0-1"]
[WhiteElo "2765"]
[BlackElo "2623"]
[TimeControl "180+1"]
[EndTime "11:18:32 PDT"]
[Termination "PaulfromSPb won by resignation"]

1. e4 c5 2. Nf3 d6 3. d4 cxd4 4. Nxd4 Nf6 5. Nc3 a6 6. Bg5 Nbd7 7. Qe2 g6 8. f4 Qb6 9. O-O-O e5 10. Kb1 Bg7 11.
Nb3 O-O 12. h4 exf4 13. h5 Ne5 14. hxg6 hxg6 15. Qe1 Bg4 16. Qh4 Nh5 17. Nd5 Qa7 18. Ne7+ Kh7 19. Rxd6 Rad8 20. Rxd8 Rxd8 21. Bc4 Rd1+ 22.
Rxd1 Bxd1 23. Bd5 Qg1 24. Nc1 Qxg2 25. Bb3 Nc4 26. Nd5 Nd2+ 27. Ka1 Nxb3+ 28. Nxb3 Bxc2 29. Nc3 Qf1+ 0-1

[Event "*** SCC Grand Prix: Titled Tuesday Blitz"]
[Site "Chess.com"]
[Date "2020.07.07"]
[Round "7"]
[White "BJthechessgod"]
[Black "Savva09022009"]
[Result "0-1"]
[WhiteElo "2326"]
[BlackElo "2463"]
[TimeControl "180+1"]
[EndTime "11:18:32 PDT"]
[Termination "Savva09022009 won on time"]

1. e4 c5 2. Nf3 Nc6 3. Bb5 Nf6 4. e5 Ng4 5. Bxc6 dxc6 6. h3 Nh6 7. g4 f6 8. d3 Nf7 9. Nc3 fxe5 10. Qe2 Qc7 11. Be3 e6 12. Ne4 b6 13. O-O-O Be7 14. Rdg1 O-O 15. g5 Nd6 16. Nxd6 Bxd6 17. Nd2 e4 18. Nxe4 Be5 19. h4 c4 20. d4 Bf4 21. Qxc4 Bb7 22. Qxe6+ Kh8 23. Qg4 Rae8 24. Nc3 c5 25. Rh3 cxd4 26. Bxf4 Rxf4 27. Qg3 dxc3 28.
bxc3 Ref8 29. Kb1 Qc6 30. g6 Qb5+ 31. Kc1 h6 32. h5 Qa5 33. Qd3 Qxa2 34. Kd2 Rxf2+ 35. Ke1 Qe6+ 0-1

[Event "*** SCC Grand Prix: Titled Tuesday Blitz"]
[Site "Chess.com"]
[Date "2020.07.07"]
[Round "7"]
[White "swisspower96"]
[Black "MergenKakabaev"]
[Result "0-1"]
[WhiteElo "2613"]
[BlackElo "2453"]
[TimeControl "180+1"]
[EndTime "11:18:33 PDT"]
[Termination "MergenKakabaev won by checkmate"]

1. d4 d5 2. c4 c6 3. cxd5 cxd5 4. Bf4 Nf6 5. e3 Nc6 6. Nc3 Bg4 7. f3 Bd7 8. Bd3 e6 9. Nge2 Nb4 10. Bb1 Qb6 11.
a3 Nc6 12. b4 Rc8 13. Kf2 Nh5 14. Na4 Qd8 15. Nc5 Nxf4 16. Nxf4 b6 17. Ncd3 Bd6 18. h4 a5 19. b5 Ne7 20. a4 Ng6 21. Nh5 O-O 22.
g3 e5 23. dxe5 Nxe5 24. Nhf4 Be6 25. Nxe6 fxe6 26. Nf4 Qf6 27. Kg2 Nc4 28. Qd3 g6 29. Ra2 e5 30. Nxd5 Qxf3+ 31. Kh2 e4 32. Qxe4 Qxg3# 0-1

[Event "*** SCC Grand Prix: Titled Tuesday Blitz"]
[Site "Chess.com"]
[Date "2020.07.07"]
[Round "7"]
[White "binbin239"]
[Black "Jungle_Jaguar"]
[Result "1-0"]
[WhiteElo "2534"]
[BlackElo "2650"]
[TimeControl "180+1"]
[EndTime "11:18:34 PDT"]
[Termination "binbin239 won on time"]

1. d4 d5 2. c4 c6 3. Nf3 Nf6 4. Qc2 e6 5. g3 Nbd7 6. Bg2 Bb4+ 7. Bd2 Bxd2+ 8. Nbxd2 O-O 9. O-O b6 10. e4 dxc4 11.
Nxc4 Ba6 12. Rfd1 Qe7 13. Ne3 Rac8 14. Rac1 Rfd8 15. a3 c5 16. d5 exd5 17. exd5 Ne5 18. Nf5 Nxf3+ 19. Bxf3 Qd7 20. d6 Kh8 21. Ne7 Ne8 22.
Nxc8 Bxc8 23. Rd2 Nxd6 24. Rcd1 Qe7 25. Kg2 Qf6 26. Qa4 a5 27. Rxd6 Bh3+ 28. Kxh3 1-0

[Event "*** SCC Grand Prix: Titled Tuesday Blitz"]
[Site "Chess.com"]
[Date "2020.07.07"]
[Round "7"]
[White "SerGo055"]
[Black "Semen_Khanin"]
[Result "0-1"]
[WhiteElo "2557"]
[BlackElo "2714"]
[TimeControl "180+1"]
[EndTime "11:18:36 PDT"]
[Termination "Semen_Khanin won by resignation"]

1. d4 Nf6 2. Nf3 g6 3. c4 Bg7 4. Nc3 d5 5. e3 O-O 6. Qb3 dxc4 7. Bxc4 c5 8. dxc5 Nbd7 9. Qa3 Qc7 10. O-O Qxc5 11. Qxc5 Nxc5 12. Bd2 Nfe4 13. Rac1 Bg4 14.
Be1 Rac8 15. Bd5 Nd3 16. Rc2 Nxc3 17. Bxc3 Nb4 18. Rd2 Bxc3 19. bxc3 Nxd5 20. Rxd5 Rxc3 21. Ra5 a6 22. Rb1 Rfc8 23. h3 Rc1+ 24. Rxc1 Rxc1+ 25. Kh2 Bd7 26. Kg3 f6 27. Nd4 Kf7 28. f4 Rc4 29.
Kf3 Ra4 30. Rxa4 Bxa4 31. g4 e5 32. fxe5 fxe5 33. Ne2 Bd1 34. Kf2 Bxe2 35. Kxe2 Ke6 0-1

[Event "*** SCC Grand Prix: Titled Tuesday Blitz"]
[Site "Chess.com"]
[Date "2020.07.07"]
[Round "7"]
[White "VALPARAISO37"]
[Black "ClassyEl"]
[Result "1-0"]
[WhiteElo "2305"]
[BlackElo "2446"]
[TimeControl "180+1"]
[EndTime "11:18:39 PDT"]
[Termination "VALPARAISO37 won by checkmate"]

1. d4 Nf6 2. c4 e6 3. Nc3 c5 4. d5 exd5 5. cxd5 Bd6 6. g3 Bc7 7. d6 Ba5 8. Bg2 O-O 9. Nh3 Nc6 10. O-O Re8 11. Nd5 Nxd5 12. Bxd5 h6 13. a3 Qf6 14.
Nf4 Qd4 15. Qb3 Nd8 16. Rd1 Qf6 17. Qc4 Ne6 18. Rd3 Rb8 19. b4 Qxa1 20. bxa5 b5 21.
axb6 axb6 22. Kg2 b5 23. Qc2 Qe5 24. Bb2 Nxf4+ 25. gxf4 Qxf4 26. Bxg7 Qg5+ 27. Rg3 Qxd5+ 28. f3 f5 29. Be5+ Kf7 30. Qxf5# 1-0

[Event "*** SCC Grand Prix: Titled Tuesday Blitz"]
[Site "Chess.com"]
[Date "2020.07.07"]
[Round "7"]
[White "KuzubovYuriy"]
[Black "Mikhail_Golubev"]
[Result "1-0"]
[WhiteElo "2842"]
[BlackElo "2607"]
[TimeControl "180+1"]
[EndTime "11:18:40 PDT"]
[Termination "KuzubovYuriy won by resignation"]

1. d4 Nf6 2. c4 g6 3. Nc3 Bg7 4. e4 d6 5. Nf3 O-O 6. Be2 e5 7. O-O Nc6 8. d5 Ne7 9. b4 Ne8 10. Nd2 f5 11. f3 Nf6 12. c5 f4 13. Nc4 g5 14. Ba3 Ng6 15. b5 dxc5 16. Bxc5 Rf7 17. Qb3 g4 18. fxg4 Nxg4 19. d6 Qh4 20. Bxg4 Bxg4 21.
dxc7 Be6 22. Nd5 f3 23. b6 Qxe4 24. Nd6 Qxd5 25. Qxd5 Bxd5 26. Nxf7 Kxf7 27. Rad1 Nf4 28. Rxf3 axb6 29. Rxd5 bxc5 30. Rd8 Rxa2 31. c8=Q 1-0

[Event "*** SCC Grand Prix: Titled Tuesday Blitz"]
[Site "Chess.com"]
[Date "2020.07.07"]
[Round "7"]
[White "SGchess01"]
[Black "rasmussvane"]
[Result "0-1"]
[WhiteElo "2642"]
[BlackElo "2879"]
[TimeControl "180+1"]
[EndTime "11:18:41 PDT"]
[Termination "rasmussvane won on time"]

1. g3 d5 2. Bg2 e5 3. d3 Nf6 4. Nf3 Bd6 5. O-O O-O 6. Nc3 c6 7.
e4 Re8 8. Nh4 Bg4 9. Qe1 Be6 10.
f4 exf4 11. gxf4 dxe4 12. dxe4 Bc4 13. Rf3 Bc5+ 14. Kh1 Nxe4 15. Nxe4 Rxe4 16. Qxe4 Qd1+ 17. Bf1 Bxf1 18. Qe8+ Bf8 19. Kg1 Be2+ 20. Kg2 Bxf3+ 21. Nxf3 Qd7 22. Qe4 Qg4+ 23. Kf2 Nd7 24. Be3 Nf6 25. Qd3 Qh3 26. Rg1 Ng4+ 27. Ke2 Re8 28. Rg3 Qh5 29.
Ne5 Nxe5+ 0-1

[Event "*** SCC Grand Prix: Titled Tuesday Blitz"]
[Site "Chess.com"]
[Date "2020.07.07"]
[Round "7"]
[White "superchess02"]
[Black "maximnovik"]
[Result "1-0"]
[WhiteElo "2666"]
[BlackElo "2508"]
[TimeControl "180+1"]
[EndTime "11:18:41 PDT"]
[Termination "superchess02 won on time"]

1. e4 c6 2. d4 d5 3. e5 Bf5 4. Nf3 e6 5. h3 Ne7 6. g4 Be4 7. Bg2 c5 8. Nbd2 Nec6 9. Nxe4 dxe4 10. Ng5 Qxd4 11. Qxd4 cxd4 12. Bxe4 Nd7 13. f4 Nc5 14. Bxc6+ bxc6 15. Nf3 O-O-O 16. Ke2 h5 17. Bd2 Be7 18. Bb4 Rd5 19. Bxc5 Bxc5 20. Kd3 Be7 21. a4 c5 22. b3 Kc7 23. Rag1 Kc6 24. gxh5 Bf8 25. Rg5 Rh7 26. Rhg1 Rd7 27. f5 Kd5 28. f6 gxf6 29. exf6+ Kd6 30. Ne5 Rb7 31. Rg7 Rxg7 32.
fxg7 Bxg7 33. Nc4+ Kd5 34. Rxg7 e5 35. h6 e4+ 36.
Ke2 Rb8 37. h7 Rh8 38. Rxf7 e3 39. Rxa7 1-0

[Event "*** SCC Grand Prix: Titled Tuesday Blitz"]
[Site "Chess.com"]
[Date "2020.07.07"]
[Round "7"]
[White "DenLaz"]
[Black "MrTattaglia"]
[Result "0-1"]
[WhiteElo "2694"]
[BlackElo "2924"]
[TimeControl "180+1"]
[EndTime "11:18:42 PDT"]
[Termination "MrTattaglia won by resignation"]

1. d4 d5 2. c4 e6 3. Nf3 Nf6 4. Nc3 Nbd7 5. cxd5 exd5 6. Bg5 Be7 7. e3 c6 8. Bd3 Nh5 9. Bxe7 Qxe7 10. O-O g6 11. Rb1 a5 12. a3 O-O 13. b4 axb4 14. axb4 b5 15. Qb3 Nb6 16. Ne5 Bd7 17. Ra1 Nc4 18. Bxc4 bxc4 19. Qb2 Nf6 20. Na4 Ng4 21. Nxg4 Bxg4 22.
Nc5 Bf5 23. Qc3 Qc7 24. f3 Rfe8 25. Rxa8 Rxa8 26. e4 Bd7 27. Qe3 Re8 28. e5 Bc8 29.
g4 f6 30. Re1 fxe5 31. dxe5 Qb8 32. Qc3 Qa7 33. Kg2 Qf7 34. Kg3 Rf8 35. e6 Qf4+ 36. Kg2 d4 37. Qa3 c3 38. Rf1 Qe3 39. Qb3 Kg7 40.
Qc4 Re8 41. b5 Bxe6 42. Nxe6+ Rxe6 43. bxc6 Qe2+ 44. Qxe2 Rxe2+ 45. Rf2 Rxf2+ 46. Kxf2 c2 0-1

[Event "*** SCC Grand Prix: Titled Tuesday Blitz"]
[Site "Chess.com"]
[Date "2020.07.07"]
[Round "7"]
[White "random_mango"]
[Black "Onegust"]
[Result "1-0"]
[WhiteElo "2413"]
[BlackElo "2600"]
[TimeControl "180+1"]
[EndTime "11:18:42 PDT"]
[Termination "random_mango won by resignation"]

1. e4 c5 2. Nf3 d6 3. d4 cxd4 4. Qxd4 a6 5. h3 Nc6 6. Qe3 g6 7. c4 Bg7 8. Nc3 Nf6 9. Be2 O-O 10. O-O Nd7 11. Rb1 Qb6 12. Nd5 Qd8 13. Rd1 b6 14. b4 Bb7 15. Bb2 e6 16. Bxg7 Kxg7 17. Nc3 Nf6 18.
e5 Nd7 19. Rxd6 Qc7 20. Rbd1 Rfd8 21. b5 Ndxe5 22. bxc6 Nxf3+ 23. Bxf3 Rxd6 24. Rxd6 Qxd6 25. cxb7 Rb8 26. h4 h5 27. Ne4 Qc7 28. Ng5 Qxc4 29. Qe5+ Kh6 30. Nxf7+ Kh7 31. Ng5+ Kh6 32. Qxb8 Qxh4 33.
Qf8+ 1-0

[Event "*** SCC Grand Prix: Titled Tuesday Blitz"]
[Site "Chess.com"]
[Date "2020.07.07"]
[Round "7"]
[White "Varshi_chess"]
[Black "bratkoo"]
[Result "0-1"]
[WhiteElo "2247"]
[BlackElo "2439"]
[TimeControl "180+1"]
[EndTime "11:18:42 PDT"]
[Termination "bratkoo won by resignation"]

1. e4 e6 2. d4 d5 3. e5 c5 4. c3 Qb6 5. Nf3 Bd7 6. a3 a5 7.
Be2 a4 8. O-O Bb5 9. Nbd2 Bxe2 10. Qxe2 c4 11. Re1 Nc6 12. Nf1 h6 13. Be3 O-O-O 14.
Qc2 Qb5 15. N3d2 Nge7 16. f4 Nf5 17. Bf2 g5 18. g4 Nfe7 19. f5 h5 20. h3 Na5 21.
Kg2 Nb3 22. Rad1 Qd7 23. Ne3 hxg4 24. hxg4 exf5 25. gxf5 f6 26. Nf3 g4 27. Nh4 Nc6 28. e6 Qc7 29. Bg3 Bd6 30. Nxd5 Qa5 31. Ne3 Bxg3 32. Kxg3 Qc7+ 33. Kg2 Rxh4 34. Rh1 Rdh8 35. Rxh4 Rxh4 36. Rh1 Rxh1 37. Kxh1 Qg3 38. Qe2 Nc1 39.
Qxg4 Qxe3 40. Qg8+ Kc7 41. Qf7+ Kb6 42. Qxf6 Nd3 43. d5 Qh3+ 44. Kg1 Qg3+ 0-1

[Event "*** SCC Grand Prix: Titled Tuesday Blitz"]
[Site "Chess.com"]
[Date "2020.07.07"]
[Round "7"]
[White "MestreSoares"]
[Black "totoro9"]
[Result "1-0"]
[WhiteElo "2137"]
[BlackElo "2282"]
[TimeControl "180+1"]
[EndTime "11:18:42 PDT"]
[Termination "MestreSoares won on time"]

1. Nf3 Nf6 2. b3 d6 3. d4 g6 4. Bb2 Bg7 5. e3 O-O 6. Be2 Nc6 7. O-O Re8 8. c4 Nd7 9. Nc3 e5 10. dxe5 Ndxe5 11. Nxe5 Nxe5 12. Qd2 Qh4 13. Rae1 Bd7 14.
f4 Ng4 15. Bxg4 Bxg4 16. Nd5 Rac8 17. Bxg7 Kxg7 18. Qd4+ f6 19. e4 Rf8 20. g3 Qh3 21. e5 fxe5 22. fxe5 c5 23. Qc3 dxe5 24.
Qxe5+ Kh6 25. Qe3+ Kh5 26. Nf4+ Rxf4 27. Rxf4 g5 28.
Rf6 Rd8 29. Qe7 1-0